 Dungeon Crawl Stone Soup version 0.27.1-33-g824d729ab1 (webtiles) character file.

Game seed: 14159009094544161673

32 Sarah the Charlatan (level 3, -1/26 HPs)
             Began as a Human Artificer on Dec 24, 2021.
             Slain by a worm (6 damage)
             ... on level 2 of the Dungeon on Dec 25, 2021.
             The game lasted 00:09:20 (1779 turns).

Sarah the Charlatan (Human Artificer)               Turns: 1779, Time: 00:09:25

Health: -1/26      AC:  3    Str: 11 (12) XL:     3   Next: 45%
Magic:  4/4        EV: 11    Int:  9 (12) God:
Gold:   67         SH:  0    Dex: 10 (13) Spells: 4/4 levels left

rFire    . . .     SeeInvis .   a - +0 club
rCold    . . .     Faith    .   (no shield)
rNeg     . . .     Spirit   .   b - +0 leather armour
rPois    .         Reflect  .   (no helmet)
rElec    .         Harm     .   (no cloak)
rCorr    .         Rampage  .   (no gloves)
Will     .....                  (no boots)
Stlth    +.........             (no amulet)
HPRegen  0.08/turn              (no ring)
MPRegen  0.09/turn              (no ring)

@: attractive
A: no striking features
a: no special abilities


You were on level 2 of the Dungeon.
You visited 1 branch of the dungeon, and saw 2 of its levels.

You collected 67 gold pieces.

Inventory:

Hand Weapons
 a - a +0 club (weapon)
Missiles
 f - 34 arrows
Armour
 b - a +0 leather armour (worn)
Wands
 d - a wand of charming (11)
Scrolls
 i - a scroll of amnesia {unknown}
Miscellaneous
 e - a piece from Xom's chessboard (8/15)


   Skills:
 + Level 1.1 Fighting
 + Level 2.2 Armour
 + Level 1.2 Dodging
 * Level 1.3 Stealth
 * Level 1.1 Spellcasting
 + Level 3.4 Evocations


You had 4 spell levels left.
You didn't know any spells.
Your spell library was empty.

Dungeon Overview and Level Annotations

Branches:
Dungeon (2/15)

Altars:


Message History

The worm bites you!
You hit the worm.
The worm is lightly wounded.
The worm barely misses you.
You aren't carrying any potions.
Okay, then.
Aiming: Throw Flame
Press: ? - help, Q - select action, (/) - cycle Shift-Dir - straight line, f - worm
Aim: a worm (lightly wounded, fast, slow, 90% to hit)
The puff of flame hits the worm.
The worm is heavily wounded.
The now-empty wand crumbles to dust.
You hit the worm.
The worm is heavily wounded.
The worm bites you.
* * * LOW HITPOINT WARNING * * *
There is a stone staircase leading up here.
The worm is pulled toward you!
You make a move on Xom's chessboard...
The worm is outlined in light.
The worm bites you.
* * * LOW HITPOINT WARNING * * *
The worm is pulled toward you! The worm is pulled toward you!
The worm stops glowing.
The worm is pulled toward you! The worm is pulled toward you!
Found a leather armour.
The worm is pulled toward you! The worm is pulled toward you!
The worm is no longer moving quickly.
The worm is pulled toward you!
A giant cockroach comes into view.
The worm is pulled toward you!
The giant cockroach is pulled toward you!
Aiming: Charm
Press: ? - help, Shift-Dir - straight line, f/p - worm
Aim: a worm (slow, chance to affect: 65%)
The worm struggles to resist.
The giant cockroach bites you but does no damage.
The worm bites you.
You die...

# ####.# #.B..#
########### #@#
#.........# #w#
#.........# #.#
#.........# #.#
#.........# #.#
#.........# #.#
#.........####.#
#..............#
#..............+


You could see a worm (slow) and a giant cockroach.

Vanquished Creatures
  A dart slug (D:1)
  2 bats (D:1)
  2 endoplasms (D:1)
  A giant cockroach (D:1)
  2 goblins
  4 hobgoblins (D:1)
  5 kobolds (D:1)
  4 ball pythons
  2 frilled lizards (D:1)
  4 rats
27 creatures vanquished.

Notes
Turn   | Place    | Note
-------+----------+-------------------------------------------
     0 | D:1      | Sarah the Human Artificer began the quest for the Orb.
     0 | D:1      | Reached XP level 1. HP: 15/15 MP: 1/1
   240 | D:1      | Reached XP level 2. HP: 17/21 MP: 1/3
   876 | D:1      | Reached XP level 3. HP: 26/26 MP: 4/4
   989 | D:1      | Reached skill level 1 in Spellcasting
  1779 | D:2      | Slain by a worm

Illustrated notes

Levels and vault maps discovered:
D:1:      dpeg_arrival_more_subterranean_lakeside_camping, layout_loops_corners
D:2:      layout_basic, kennysheep_big_empty_room, st_stairs_10, uniq_sigmund

Skill      XL: |  1  2  3 |
---------------+----------+-----
Spellcasting   | 1 |  1.1
Fighting       | |  1.1
Armour         | |  2.2
Dodging        | |  1.2
Stealth        | |  1.3
Evocations     | |  3.4

Action                   || total
-------------------------++-------
Melee: Club              ||    41
Evoke: Wand              ||    19
       Piece from Xom's  ||     8
  Use: Potion            ||     2
       Scroll            ||     1
 Stab: Sleeping          ||     2
Armor: Leather armour    ||    86
Dodge: Dodged            ||   134
